 Dungeon Crawl Stone Soup version 0.30.0-19-g36f170ea60 (webtiles) character file.

Game seed: 11288689222569401002

403 cheesebisquit the Cutter (level 6, -2/29 HPs)
             Began as a Spriggan Hexslinger on May 30, 2023.
             Killed by nerve-wracking pain
             ... invoked by Grinder
              (7 damage)
             ... on level 4 of the Dungeon.
             The game lasted 00:17:06 (3040 turns).

cheesebisquit the Cutter (Spriggan Hexslinger)      Turns: 3040, Time: 00:17:07

Health: -2/29      AC:  6    Str:  6    XL:     6   Next: 55%
Magic:  9/9        EV: 17    Int: 17    God:
Gold:   168        SH:  0    Dex: 15    Spells: 2/7 levels left

rFire   . . .        b - +2 short sword (speed)
rCold   . . .        (no shield)
rNeg    . . .        s - +0 animal skin
rPois   .            (helmet restricted)
rElec   .            (no cloak)
rCorr   .            (gloves unavailable)
SInv    +            (boots unavailable)
Will    +....        n - amulet of regeneration
Stlth   +            l - +4 ring of protection
HPRegen 1.04/turn    (no ring)
MPRegen 0.11/turn

%: no passive effects
@: very quick
A: very small, no large weapons, unfitting armour, see invisible, speed 3
a: no special abilities


You were on level 4 of the Dungeon.
You visited 1 branch of the dungeon, and saw 4 of its levels.

You collected 168 gold pieces.

Inventory:

Hand Weapons
 a - a +1 sling
 b - a +2 short sword of speed (weapon)
 r - a +5 club
Missiles
 c - 6 atropa-tipped darts
 j - 4 poisoned darts
 o - a throwing net
Armour
 s - a +0 animal skin (worn)
Jewellery
 l - a +4 ring of protection (left hand)
 n - an amulet of regeneration (around neck)
 w - a ring of fire
Scrolls
 d - a scroll of enchant weapon {unknown}
 e - a scroll of fog {unknown}
 f - a scroll of fear {unknown}
 h - a scroll of blinking {unknown}
 m - 2 scrolls of amnesia {unknown}
 q - a scroll of poison
 t - a scroll of noise {unknown}
 u - a scroll of teleportation {unknown}
 v - a scroll of vulnerability {unknown}
 y - a scroll of identify {unknown}
Potions
 g - a potion of curing {unknown}
 i - 2 potions of heal wounds {unknown}
 k - a potion of ambrosia {unknown}
 p - a potion of might {unknown}
 x - a potion of brilliance {unknown}
 z - a potion of haste {unknown}


   Skills:
 + Level 0.7 Fighting
 + Level 5.1 Short Blades
 + Level 5.1 Ranged Weapons
 + Level 0.0 Armour
 + Level 2.7 Dodging
 + Level 0.0 Stealth
 + Level 1.3 Spellcasting
 + Level 3.6 Hexes


You had 2 spell levels left.
You knew the following spells:

 Your Spells              Type           Power      Damage    Failure   Level
a - Slow                  Hex            52%        N/A       4%          1
b - Cause Fear            Hex            6%         N/A       43%         4

Your spell library contained the following spells:

 Spells                   Type           Power      Damage    Failure   Level
 Inner Flame              Hex/Fire       7%         N/A       30%         3
 Portal Projectile        Hex/Tloc       14%        N/A       30%         3
 Passage of Golubria      Tloc           1%         N/A       90%         4
 Silence                  Hex/Air        3%         N/A       95%         5
 Lehudib's Crystal Spear  Conj/Erth      0%         10d2      100%        8


Dungeon Overview and Level Annotations

Branches:
Dungeon (4/15)
 Temple: D:4-7

Altars:

Annotations:
D:4 Grinder


Innate Abilities, Weirdness & Mutations

You are very small and have problems with some larger weapons.
You are too small for most types of armour.
You have supernaturally acute eyesight. (SInv)
You cover ground extremely quickly. (Speed+++)


Message History

Okay, then.
Okay, then.
Sorry, you're not good enough to have a special ability.
You hit Grinder but do no damage.
Grinder is heavily wounded.
Grinder hits you but does no damage.
You hit Grinder but do no damage.
Grinder is heavily wounded.
You hit Grinder.
Grinder is heavily wounded.
Grinder gestures at you.
You suddenly lose the ability to move!
Grinder hits you.
* * * LOW HITPOINT WARNING * * *
You writhe in agony.
* * * LOW HITPOINT WARNING * * *
Grinder blinks!
You can move again.
Grinder misses you.
You hit Grinder.
Grinder is severely wounded.
You barely miss Grinder.
Grinder is severely wounded.
Grinder hits you.
* * * LOW HITPOINT WARNING * * *
You writhe in agony.
* * * LOW HITPOINT WARNING * * *
You hit Grinder but do no damage.
Grinder is severely wounded.
You hit Grinder. Your punch misses Grinder.
Grinder is severely wounded.
Grinder gestures at you.
You easily resist.
You hit Grinder but do no damage.
Grinder is severely wounded.
You hit Grinder.
Grinder is severely wounded.
Grinder gestures at you. Pain shoots through your body!
You die...

#......# ######.
#......####.......
#.........#...=...
#..[...##...^.)...
#......###........
#......#..........
#......#.##.......
####[###.# ####.##
.## #.#<@.# # ...#
#..5### #..####..##
#...##..# ## #......#
..### #.....######
...# #.........>..
###.#####.......#####
......##.†..###..#


You could see Grinder.

Vanquished Creatures
  Sigmund (D:3)
  A scorpion (D:2)
  A gnoll bouda (D:4)
  Robin (D:3)
  3 gnolls (D:4)
  3 adders
  A worm (D:2)
  A dart slug (D:1)
  An orc (D:4)
  10 ball pythons
  7 endoplasms
  5 giant cockroaches
  11 goblins
  5 hobgoblins
  7 jackals
  6 kobolds
  A quokka (D:2)
  7 bats
  2 frilled lizards (D:3)
  6 rats
80 creatures vanquished.

Notes
Turn   | Place    | Note
-------+----------+-------------------------------------------
     0 | D:1      | cheesebisquit the Spriggan Hexslinger began the quest for
                  | the Orb.
     0 | D:1      | Reached XP level 1. HP: 9/9 MP: 3/3
   118 | D:1      | Reached XP level 2. HP: 4/14 MP: 1/5
   235 | D:1      | You fall into a shaft and drop 1 floor!
   422 | D:1      | Reached XP level 3. HP: 16/17 MP: 6/6
  1300 | D:3      | Noticed Robin
  1305 | D:3      | Noticed a scorpion
  1486 | D:2      | Reached skill level 1 in Short Blades
  1989 | D:3      | Noticed Sigmund
  2063 | D:2      | Reached XP level 4. HP: 21/21 MP: 7/7
  2214 | D:3      | Killed Robin
  2334 | D:2      | Killed a scorpion
  2335 | D:2      | Reached XP level 5. HP: 25/25 MP: 8/8
  2395 | D:3      | Found a faded altar of an unknown god.
  2442 | D:3      | Killed Sigmund
  2443 | D:3      | Reached XP level 6. HP: 26/29 MP: 9/9
  2871 | D:4      | Reached skill level 5 in Short Blades
  2903 | D:4      | Reached skill level 5 in Ranged Weapons
  2961 | D:4      | Learned a level 4 spell: Cause Fear
  2971 | D:4      | Noticed Grinder
  2979 | D:4      | Paralysed by Grinder for 2 turns
  3028 | D:4      | Paralysed by Grinder for 4 turns
  3040 | D:4      | Killed from afar by Grinder

Illustrated notes

Levels and vault maps discovered:
D:1:      dpeg_arrival_tiny_a, layout_rooms, serial_curves, eino_curves_04,
          eino_curves_01, hex_medium, hangedman_decor_clover_reticule
D:2:      layout_rooms
D:3:      layout_rooms, nicolae_ecumenical_snake_handling, uniq_sigmund,
          uniq_robin
D:4:      layout_rooms, lemuel_coloured_pillars_altar, temple_green,
          uniq_eustachio, uniq_grinder

Skill      XL: |  1  2  3  4  5  6 |
---------------+-------------------+-----
Ranged Weapons | 3 4 5 |  5.1
Short Blades   | 1 3 4 5 |  5.1
Fighting       | |  0.7
Dodging        | |  2.7
Spellcasting   | |  1.3
Hexes          | |  3.6

Action                     |  1- 3 |  4- 6 || total
---------------------------+-------+-------++-------
  Melee: Short sword       |    56 |   111 ||   167
   Fire: Sling             |    82 |    83 ||   165
   Cast: Slow              |    42 |     8 ||    50
 Armour: Robe              |    15 |    10 ||    25
         Animal skin       |       |     6 ||     6
  Dodge: Dodged            |    88 |    69 ||   157
